 Dungeon Crawl Stone Soup version 0.26.1-11-gd32895ea62 (webtiles) character file.

Game seed: 7574996980048038003

2707 nightchill the Carver (level 9, -3/71 HPs)
             Began as a Vampire Fighter on Apr 13, 2021.
             Was an Initiate of Kikubaaqudgha.
             Slain by a wyvern (5 damage)
             ... on level 8 of the Dungeon.
             The game lasted 00:17:35 (8366 turns).

nightchill the Carver (Vampire Fighter)             Turns: 8366, Time: 00:17:35

Health: -3/71      AC:  8    Str: 15    XL:     9   Next: 39%
Magic:  9/9        EV:  8    Int: 14    God:    Kikubaaqudgha [......]
Gold:   291        SH:  8    Dex: 13    Spells: 5/8 levels left

rFire    . . .     SeeInvis +   d - +4 scimitar
rCold    . . .     Faith    .   c - +0 kite shield
rNeg     . . .     Spirit   .   s - +3 leather armour
rPois    +         Reflect  .   j - +0 helmet
rElec    .         Harm     .   (no cloak)
rCorr    .         Rampage  .   (no gloves)
Will     .....                  v - +0 pair of boots
Stlth    ++........             (no amulet)
HPRegen  0.41/turn              E - ring of stealth
MPRegen  0.11/turn              F - ring of poison resistance

@: regenerating quickly
A: fangs 3, see invisible, unbreathing
a: Exsanguinate, Renounce Religion


You were on level 8 of the Dungeon.
You worshipped Kikubaaqudgha.
Kikubaaqudgha was noncommittal.
You visited 2 branches of the dungeon, and saw 9 of its levels.

You collected 291 gold pieces.

Inventory:

Hand Weapons
 a - a +1 rapier of venom
 b - a +0 long sword
 d - a +4 scimitar (weapon)
 h - a +2 dagger of draining
 G - a +3 triple crossbow of flaming
Missiles
 w - 8 boomerangs (quivered)
Armour
 c - a +0 kite shield (worn)
 j - a +0 helmet (worn)
 s - a +3 leather armour (worn)
 v - a +0 pair of boots (worn)
Magical Staves
 q - a cursed staff of earth
Jewellery
 f - an uncursed amulet of magic regeneration {unknown}
 E - a ring of stealth (left hand)
 F - a ring of poison resistance (right hand)
 H - a cursed ring of protection from fire {unknown}
 J - a +4 ring of protection {unknown}
Wands
 i - a wand of iceblast (8)
 r - a wand of polymorph (7)
 t - a wand of random effects (20)
 u - a wand of digging (3)
 y - a wand of disintegration (11)
 I - a wand of flame (14)
Scrolls
 g - a scroll of enchant weapon
 k - 2 scrolls of enchant armour
 o - 6 scrolls of teleportation
 p - a scroll of immolation
 A - 4 scrolls of amnesia
 C - 2 scrolls of blinking
 D - 2 scrolls of remove curse
Potions
 e - a potion of cancellation
 l - a potion of degeneration
 m - 2 potions of haste
 n - 3 potions of brilliance
 x - a potion of berserk rage
 z - a potion of curing
 B - a potion of resistance


   Skills:
 + Level 6.9 Fighting
 * Level 10.0 Long Blades
 - Level 2.4 Armour
 - Level 2.6 Shields
 + Level 5.1 Necromancy


You had 5 spell levels left.
You knew the following spells:

 Your Spells              Type           Power        Failure   Level
a - Vampiric Draining     Necr           7%           54%         3

Your spell library contained the following spells:

 Spells                   Type           Power        Failure   Level
 Animate Skeleton         Necr           28%          22%         1
 Pain                     Necr           56%          22%         1
 Magic Dart               Conj           0%           87%         1
 Animate Dead             Necr           7%           91%         4
 Blink                    Tloc           N/A          95%         2
 Call Imp                 Summ           0%           95%         2
 Slow                     Hex            0%           95%         2
 Conjure Flame            Conj/Fire      0%           99%         3
 Mephitic Cloud           Conj/Pois/Air  0%           99%         3
 Agony                    Necr           14%          99%         5


Dungeon Overview and Level Annotations

Branches:
Dungeon (8/15)             Temple (1/1) D:7
   Lair: D:8-11

Altars:
Ashenzari
Cheibriados
Dithmenos
Elyvilon
Fedhas
Gozag
Hepliaklqana
Kikubaaqudgha
Nemelex Xobeh
Ru
Sif Muna
Uskayaw
Vehumet
Wu Jian
Xom
Zin
The Shining One

Shops:
D:5 }(**!

Annotations:
D:2 exclusion: downstairs
D:6 exclusion: downstairs
D:7 exclusion: downstairs, Harold


Innate Abilities, Weirdness & Mutations

Your natural rate of healing is unusually fast.
You have razor-sharp teeth.
You have supernaturally acute eyesight. (SInv)
You can survive without breathing.


Message History

You are engulfed in a cloud of scalding steam.
* * * LOW HITPOINT WARNING * * *
A basilisk comes into view.
The wyvern bites you but does no damage.
The steam dragon bites you.
* * * LOW HITPOINT WARNING * * *
The steam dragon claws you but does no damage.
The wyvern is engulfed in a cloud of scalding steam.
The wyvern bites you!
* * * LOW HITPOINT WARNING * * *
You hit the wyvern. You bite the wyvern.
The wyvern is moderately wounded.
The wyvern bites you but does no damage.
You hit the wyvern.
The wyvern is heavily wounded.
The wyvern bites you.
* * * LOW HITPOINT WARNING * * *
The wyvern bites you.
You die...
Kikubaaqudgha rasps: "You have failed me!
Welcome... death!"

# # ### .##.( #
..####...#. ####
#.§#.....# ...### ###
#######..§.....
###..###.###......§.§...l.
##....###.....§..###.#..
##.........###l#.# #
#.#####.####@.### #######
### #### ..... ..### #..#
.#.# ..... #... ##.


You could see a wyvern.

Vanquished Creatures
  Joseph (D:7)
  2 wyverns (D:8)
  A basilisk (D:8)
  A water moccasin (D:7)
  2 ogres
  A centaur (D:2)
  A big kobold (D:7)
  2 bullfrogs
  A gnoll sergeant (D:7)
  3 scorpions
  8 wights (D:7)
  A bullfrog zombie (D:5)
  2 orc priests
  5 hounds
  A jelly (D:6)
  8 orc wizards
  3 worker ants
  A worker ant zombie (D:7)
  6 gnolls
  6 adders
  A shadow imp (D:6)
  3 ufetubi
  2 oozes (D:2)
  3 worms (D:2)
  7 dart slugs
  5 leopard geckos
  15 orcs
  4 giant cockroaches
  9 goblins
  4 hobgoblins
  28 jackals
  6 quokkas
  2 ball pythons (D:2)
  9 bats
  2 frilled lizards
  12 kobolds
  2 leopard gecko skeletons (D:4)
  A leopard gecko zombie (D:6)
  A quokka skeleton (D:4)
  8 rats
180 creatures vanquished.

Vanquished Creatures (others)
  A leopard gecko (D:3)
  A giant cockroach (D:3)
2 creatures vanquished.

Grand Total: 182 creatures vanquished

Notes
Turn   | Place    | Note
-------+----------+-------------------------------------------
     0 | D:1      | nightchill the Vampire Fighter began the quest for the Orb.
     0 | D:1      | Reached XP level 1. HP: 17/17 MP: 1/1
   166 | D:1      | Reached XP level 2. HP: 23/23 MP: 2/2
   412 | D:1      | Reached skill level 3 in Long Blades
   624 | D:1      | Reached XP level 3. HP: 26/28 MP: 3/3
  1054 | D:2      | Reached XP level 4. HP: 24/35 MP: 4/4
  1473 | D:2      | Reached skill level 4 in Long Blades
  1515 | D:2      | Noticed a centaur
  1539 | D:2      | HP: 1/35 [centaur/arrow (7)]
  1737 | D:2      | Killed a centaur
  1738 | D:2      | Reached XP level 5. HP: 31/42 MP: 5/5
  1871 | D:2      | Found a shimmering altar of Xom.
  2189 | D:3      | Found a shimmering blue altar of Sif Muna.
  2258 | D:3      | Reached skill level 5 in Long Blades
  2693 | D:3      | Found a white marble altar of Elyvilon.
  2958 | D:3      | Reached XP level 6. HP: 47/48 MP: 6/6
  3588 | D:4      | Reached skill level 6 in Long Blades
  3799 | D:4      | Reached XP level 7. HP: 28/55 MP: 7/7
  4179 | D:5      | Entered Level 5 of the Dungeon
  4247 | D:5      | Found Kethram's Distillery.
  4311 | D:5      | Found Kiumuaf's Assorted Antiques.
  4436 | D:5      | Found Feuc's General Store.
  4493 | D:5      | Found Cigrif's Gadget Shoppe.
  4505 | D:5      | Found Jieril's Antique Weapon Shoppe.
  4573 | D:5      | Reached skill level 5 in Fighting
  4666 | D:5      | Reached skill level 7 in Long Blades
  5042 | D:5      | Found an opulent altar of Gozag.
  5045 | D:5      | Found a glowing golden altar of the Shining One.
  5395 | D:6      | Learned a level 3 spell: Vampiric Draining
  5516 | D:6      | Reached skill level 1 in Necromancy
  5859 | D:7      | Noticed Joseph
  6334 | D:6      | Reached XP level 8. HP: 63/63 MP: 8/8
  6374 | D:7      | Killed Joseph
  6375 | D:7      | Reached skill level 8 in Long Blades
  6604 | D:7      | Found a hazy altar of Hepliaklqana.
  6659 | D:7      | Found a staircase to the Ecumenical Temple.
  6676 | Temple   | Entered the Ecumenical Temple
  6683 | Temple   | Became a worshipper of Kikubaaqudgha
  6885 | D:7      | Noticed Harold
  6945 | D:6      | HP: 2/64 [gnoll/+0 flail (8)]
  7147 | D:7      | Reached skill level 9 in Long Blades
  7524 | D:7      | Reached XP level 9. HP: 67/69 MP: 9/9
  7950 | D:8      | Found a broken altar of Ashenzari.
  8043 | D:8      | Found a radiant altar of Vehumet.
  8353 | D:8      | Reached skill level 10 in Long Blades
  8353 | D:8      | Reached skill level 5 in Necromancy
  8366 | D:8      | HP: 2/71 [wyvern (4)]
  8366 | D:8      | Slain by a wyvern

Illustrated notes

Levels and vault maps discovered:
D:1:      lemuel_arrival_lava_pool, layout_basic
D:2:      layout_basic, tgw_xom, grunt_ministairs_10
D:3:      layout_loops_ring, nicolae_overflow_crystal_walls, elyvilon_altar_4
D:4:      layout_loops_cross
D:5:      layout_basic, nicolae_overflow_hidden_temple, serial_shops,
          nicolae_shop_crystal, shop, nicolae_shop_crystal, shop, shop
D:6:      layout_gridville
D:7:      layout_basic, old_standard_altar, temple_green, uniq_harold,
          uniq_joseph
D:8:      layout_rooms, kennysheep_mini, kennysheep_little_box,
          erik_lair_dragon, serial_shops, shop
Temple:   eino_temple_lava

Skill      XL: |  1  2  3  4  5  6  7  8  9 |
---------------+----------------------------+-----
Fighting       | 3 4 5 6 |  6.9
Long Blades    | 3 4 5 6 7 9 10 | 10.0
Necromancy     | 1 4 5 |  5.1
Armour         | |  2.4
Shields        | |  2.6

Action                   |  1- 3 |  4- 6 |  7- 9 || total
-------------------------+-------+-------+-------++-------
Melee: Long sword        |    35 |    44 |       ||    79
       Bite              |     9 |    16 |    35 ||    60
       Dagger            |    86 |   153 |       ||   239
       Rapier            |       |    52 |   300 ||   352
       Scimitar          |       |       |    35 ||    35
  Use: Potion            |       |     5 |     2 ||     7
       Scroll            |       |     8 |     8 ||    16
 Stab: Sleeping          |       |       |     1 ||     1
Armor: Scale mail        |    43 |    83 |       ||   126
       Leather armour    |       |    10 |   118 ||   128
Dodge: Dodged            |    35 |    55 |    95 ||   185
Block: Kite shield       |    50 |   104 |   136 ||   290
       Rpst.: Long sword |     6 |     6 |       ||    12
       Scimitar          |       |       |     4 ||     4
